 Dungeon Crawl Stone Soup version 0.31-a0-640-g39d97e502b (webtiles) character file.

Game seed: 5041725085679747510

5064 Descartes the Covert (level 10, -3/46 HPs)
             Began as a Felid Shapeshifter on Aug 28, 2023.
             Slain by a wyvern (12 damage)
             ... on level 9 of the Dungeon.
             The game lasted 00:10:29 (7595 turns).

Descartes the Covert (Felid Shapeshifter)           Turns: 7595, Time: 00:10:30

Health: -3/46      AC:  6    Str: 14    XL:     10   Next: 31%
Magic:  0/11       EV: 22    Int: 13    God:
Gold:   431        SH:  0    Dex: 15    Spells: 9/9 levels left
                                        Lives:  0   Deaths: 3

rFire   + .          .
                       - Unarmed
rCold   . . .        (shield unavailable)
rNeg    . . .        (body armour unavailable)
rPois   .            (helmet unavailable)
rElec   .            (cloak unavailable)
rCorr   .            (gloves unavailable)
SInv    +            (boots unavailable)
Will    +....        u - amulet of guardian spirit
Stlth   ++++         w - +4 ring of protection
HPRegen 0.27/turn    v - ring of protection from fire
MPRegen 0.12/turn

%: guardian spirit
@: beast-form, quick
A: beast (slay +4), very small, claws 1, fangs 3, see invisible, speed 1, shaggy
fur 2, stealthy paws, no weapons or thrown items, no armour, multi-lived
a: Begin Untransformation


You were on level 9 of the Dungeon.
You were a hulking beast.
You visited 2 branches of the dungeon, and saw 10 of its levels.

You collected 431 gold pieces.

Inventory:

Jewellery
 f - a +6 ring of intelligence
 u - an amulet of guardian spirit (around neck)
 v - a ring of protection from fire (right paw)
 w - a +4 ring of protection (left paw)
 y - a ring of fire
Talismans
 b - a beast talisman (active)
 c - a flux talisman
 g - a flux talisman
 B - a maw talisman
 E - a serpent talisman
Wands
 a - a wand of paralysis (6)
 A - a wand of flame (34)
Scrolls
 h - a scroll of poison {unknown}
 j - 4 scrolls of identify {unknown}
 k - a scroll of fear {unknown}
 p - a scroll of silence {unknown}
 q - 7 scrolls of teleportation {unknown}
 r - a scroll of amnesia {unknown}
 s - 2 scrolls of fog {unknown}
 x - a scroll of blinking {unknown}
 z - 2 scrolls of revelation {unknown}
 D - a scroll of enchant armour {unknown}
 F - 2 scrolls of immolation {unknown}
 J - a scroll of vulnerability {unknown}
 M - a scroll of brand weapon {unknown}
Potions
 d - a potion of resistance {unknown}
 e - 2 potions of degeneration
 i - a potion of might {unknown}
 l - a potion of ambrosia {unknown}
 m - a potion of attraction {unknown}
 n - a potion of enlightenment {unknown}
 o - a potion of haste {unknown}
 t - 2 potions of brilliance {unknown}
 C - a potion of mutation {unknown}
 G - a potion of magic {unknown}
 H - a potion of heal wounds {unknown}
 I - a potion of lignification
 K - a potion of berserk rage {unknown}
 L - a potion of cancellation {unknown}


   Skills:
 + Level 6.8 Fighting
 + Level 9.3 Dodging
 + Level 9.7 Stealth
 + Level 7.4 Unarmed Combat
 + Level 7.7 Shapeshifting


You had 9 spell levels left.
You didn't know any spells.
Your spell library contained the following spells:

 Spells                   Type           Power      Damage    Failure   Level
 Apportation              Tloc           0%         N/A       30%         1
 Foxfire                  Conj/Fire      0%         2x1d4     30%         1
 Necrotise                Necr           0%         1d4       30%         1
 Summon Small Mammal      Summ           0%         N/A       30%         1
 Static Discharge         Conj/Air       0%         2-2/arc   43%         2
 Call Canine Familiar     Summ           0%         N/A       67%         3
 Stone Arrow              Conj/Erth      0%         3d7       67%         3
 Summon Guardian Golem    Hex/Summ       0%         N/A       67%         3
 Airstrike                Air            0%         2d(0-16)  97%         4
 Summon Lightning Spire   Summ/Air       0%         N/A       97%         4
 Vhi's Electric Charge    Tloc/Air       0%         N/A       97%         4
 Arcjolt                  Conj/Air       0%         1d10      100%        5
 Plasma Beam              Fire/Air       0%         2x1d10    100%        6
 Starburst                Conj/Fire      0%         6d3       100%        6
 Lehudib's Crystal Spear  Conj/Erth      0%         10d2      100%        8
 Maxwell's Capacitive Co  Air            0%         ∞         100%        8
 Animate Armour           Summ/Erth      Unusable   N/A       N/A         4

Dungeon Overview and Level Annotations

Branches:
Dungeon (9/15)             Temple (1/1) D:5
   Lair: D:8-11         Orc: D:9-12

Altars:
Ashenzari
Cheibriados
Dithmenos
Elyvilon
Fedhas
Gozag
Hepliaklqana
Kikubaaqudgha
Makhleb
Nemelex Xobeh
Okawaru
Qazlal
Ru
Sif Muna
Trog
Uskayaw
Vehumet
Wu Jian
Xom
Yredelemnul
Zin
The Shining One

Annotations:
D:3 2 transporters, Opifex's ghost, amateur FoHu


Innate Abilities, Weirdness & Mutations

You are a hulking beast.
Your limbs bulge with bestial killing power. (Slay +4)
You have sharp claws.
You have razor-sharp teeth.
You have supernaturally acute eyesight. (SInv)
You cover ground quickly. (Speed+)
You are covered in thick fur. (AC +2)
Your paws help you pounce on unaware monsters.
You are incapable of wielding weapons or throwing items.
You cannot wear armour.
You gain extra lives every three experience levels.


Message History

The boulder beetle completely misses you.
You scratch the boulder beetle but do no damage.
The boulder beetle is lightly wounded.
The centaur shoots an arrow.
The arrow barely misses you.
You hear an angry hiss.
You scratch the boulder beetle but do no damage.
The boulder beetle is lightly wounded.
The centaur shoots an arrow.
The arrow completely misses you. The boulder beetle bites you!
The centaur shoots an arrow.
The arrow closely misses you.
You are too injured to fight recklessly!
You are too injured to fight recklessly!
You are too injured to fight recklessly!
You are too injured to fight recklessly!
You are too injured to fight recklessly!
You are too injured to fight recklessly!
You are too injured to fight recklessly!
You are too injured to fight recklessly!
You are too injured to fight recklessly!
You are too injured to fight recklessly!
You are too injured to fight recklessly!
You are too injured to fight recklessly!
You are too injured to fight recklessly!
Unknown command.
A wyvern comes into view.
The boulder beetle attacks as it pursues you!
The boulder beetle bites you.
The centaur unwields a +0 orcbow.
The centaur completely misses you. The centaur barely misses you.
The wyvern bites you!
* * * LOW HITPOINT WARNING * * *
You scratch the centaur.
The centaur is lightly wounded.
The wyvern closely misses you.
The centaur hits you but does no damage.
The centaur completely misses you. The boulder beetle misses you.
Unknown command.
The centaur wields a +0 orcbow.
The centaur shoots an arrow.
The arrow closely misses you. The wyvern attacks as it pursues you!
The wyvern bites you!
You die...

................####...#
....)..............'...#
..........#####....#...#
.............##....#..[#
..####..####.##....#...#
. ........#.##....+.....
#..####..#.##....#......
#.#
...#.#.##....#.......
..#.
..#h........##......
#..#B#l.........
#....#.#........
#..####Bc#........
#........#.#......
####..####.#...... ....
..+...... ..... .# ....
.....


You could see a boulder beetle, a wyvern and a centaur.

Vanquished Creatures
  Joseph (D:8)
  A troll (D:9)
  A wyvern (D:5)
  7 yaks
  Eustachio (D:6)
  A steam dragon (D:8)
  3 water moccasins
  2 ice beasts (D:7)
  2 orc warriors (D:7)
  2 sky beasts (D:6)
  A centaur (D:6)
  2 ogres
  3 kobold brigands
  3 bullfrogs
  A gnoll sergeant (D:8)
  2 scorpions
  7 killer bees
  3 howler monkeys
  A crimson imp (D:6)
  A jelly (D:7)
  5 hounds
  A gnoll bouda (D:7)
  An orc priest (D:8)
  2 sleepcaps
  9 orc wizards
  Ijyb (D:4)
  3 iguanas
  Robin (D:4)
  8 gnolls
  8 adders
  2 white imps
  An ufetubus (D:4)
  A worm (D:3)
  2 dart slugs
  24 orcs
  5 ball pythons
  7 endoplasms
  6 giant cockroaches
  11 goblins
  13 hobgoblins
  8 jackals
  2 quokkas
  7 bats
  4 frilled lizards
  22 kobolds
  9 rats
208 creatures vanquished.

Notes
Turn   | Place    | Note
-------+----------+-------------------------------------------
     0 | D:1      | Descartes the Felid Shapeshifter began the quest for the
                  | Orb.
     0 | D:1      | Reached XP level 1. HP: 9/9 MP: 2/2
   110 | D:1      | Reached XP level 2. HP: 12/12 MP: 3/3
   155 | D:1      | Reached skill level 1 in Stealth
   481 | D:1      | Reached XP level 3. HP: 15/15 MP: 4/4
   997 | D:2      | Identified the +11 flail of the Flying Gods {elec, Int+3}
  1115 | D:2      | Found a shimmering blue altar of Sif Muna.
  1499 | D:3      | Noticed Opifex's ghost (amateur FoHu)
  1504 | D:3      | Reached XP level 4. HP: 19/19 MP: 5/5
  1544 | D:3      | Found a transporter.
  1851 | D:3      | Found a bloodstained altar of Trog.
  1887 | D:3      | Found a transporter.
  2234 | D:4      | Reached XP level 5. HP: 15/22 MP: 6/6
  2316 | D:4      | Noticed Robin
  2324 | D:4      | Noticed Ijyb
  2592 | D:4      | Paralysed by Ijyb for 3 turns
  2604 | D:4      | Killed Ijyb
  2729 | D:4      | Gained mutation: You are covered in thick fur. (AC +2)
                  | [Felid growth]
  2729 | D:4      | Reached XP level 6. HP: 27/27 MP: 7/7
  2822 | D:4      | Killed Robin
  2949 | D:5      | Entered Level 5 of the Dungeon
  3188 | D:5      | Found a sacrificial altar of Ru.
  3261 | D:5      | Noticed a wyvern
  3269 | D:5      | Killed a wyvern
  3270 | D:5      | Reached skill level 5 in Dodging
  3270 | D:5      | Reached XP level 7. HP: 29/31 MP: 4/8
  3301 | D:5      | Found a staircase to the Ecumenical Temple.
  3336 | Temple   | Entered the Ecumenical Temple
  3776 | D:5      | Reached skill level 5 in Stealth
  3955 | D:6      | Reached skill level 5 in Shapeshifting
  4014 | D:6      | Found a burning altar of Makhleb.
  4056 | D:6      | Found an iron altar of Okawaru.
  4141 | D:6      | Reached skill level 5 in Unarmed Combat
  4149 | D:6      | Noticed Eustachio
  4158 | D:6      | Killed Eustachio
  4159 | D:6      | Reached XP level 8. HP: 36/36 MP: 7/9
  4839 | D:7      | Reached skill level 5 in Fighting
  4849 | D:7      | Found a shadowy altar of Dithmenos.
  4896 | D:7      | HP: 1/37 [killer bee (3)]
  5051 | D:7      | Reached XP level 9. HP: 40/40 MP: 10/10
  5928 | D:7      | Slain by a yak
  6347 | D:7      | Slain by a yak
  6572 | D:8      | Noticed Joseph
  6763 | D:8      | Killed Joseph
  6764 | D:8      | Reached XP level 10. HP: 14/46 MP: 4/11
  7112 | D:8      | Identified the +2 robe of Supple Strength {Fly rElec Str+4
                  | Slay-2}
  7332 | D:9      | Mangled by a troll
  7584 | D:9      | Noticed a boulder beetle
  7584 | D:9      | Noticed a boulder beetle
  7595 | D:9      | Slain by a wyvern

Illustrated notes

Levels and vault maps discovered:
D:1:      dpeg_arrival_pits, layout_loops_corners
D:2:      layout_basic, basic_altar
D:3:      layout_loops_ring, lightli_temple_of_fire, gammafunk_ghost_arena,
          solitary_fountain, grunt_ministairs_2, hangedman_feature_mirror,
          minmay_misc_feat_roman
D:4:      layout_rooms, nicolae_goblin_pals
D:5:      layout_basic, hangedman_ru_absence, minmay_temple_entry_glass
D:6:      layout_rooms, makhleb_grotto_becter,
          mainiacjoe_overflow_concentric_impassable, uniq_eustachio
D:7:      layout_gridville, grunt_dithmenos_smoke_and_mirrors
D:8:      layout_layer_cave, uniq_joseph
D:9:      layout_irregular_city, minivault_20
Temple:   nicolae_temple_bog_church

Skill      XL: |  1  2  3  4  5  6  7  8  9 10 |
---------------+-------------------------------+-----
Stealth        | 1 2 3 4 5 7 9 |  9.7
Dodging        | 3 4 5 6 7 8 9 |  9.3
Fighting       | 2 3 4 5 6 |  6.8
Shapeshifting  | 4 5 6 7 |  7.7
Unarmed Combat | 4 5 6 7 |  7.4

Action                     |  1- 3 |  4- 6 |  7- 9 | 10-12 || total
---------------------------+-------+-------+-------+-------++-------
  Melee: Unarmed           |   107 |   160 |   315 |    71 ||   653
         Bite              |    11 |    13 |    35 |     9 ||    68
         Punch             |     1 |     2 |    11 |     3 ||    17
    Use: Potion            |       |     3 |     3 |       ||     6
   Stab: Sleeping          |     4 |     8 |    11 |     2 ||    25
         Distracted        |       |       |     1 |       ||     1
 Armour: Skin              |     7 |    19 |    62 |     8 ||    96
  Dodge: Dodged            |    97 |   123 |   355 |   100 ||   675

Table legend: (Time is in decaauts)
 A = Elapsed time spent in this place.
 B = Non-inter-level travel time spent in this place.
 C = Inter-level travel time spent in this place.
 D = Time resting spent in this place.
 E = Time spent auto-exploring this place.
 F = Levels seen in this place.
 G = Mean time per level.
                   A        B        C        D        E       F      G
               +--------+--------+--------+--------+--------+-----+--------+
         Total |   6535 |   6120 |    415 |      0 |   4720 |  10 |  653.5 |
       Dungeon |   6533 |   6119 |    414 |      0 |   4720 |   9 |  725.9 |
        Temple |      1 |      0 |      1 |      0 |      0 |   1 |    1.0 |
               +--------+--------+--------+--------+--------+-----+--------+

Top non-repeatable levels by time:
     D:7: 1541 daAuts
     D:8: 822 daAuts
     D:5: 799 daAuts
     D:1: 749 daAuts
     D:3: 658 daAuts
     D:6: 623 daAuts
     D:4: 597 daAuts
     D:2: 481 daAuts
     D:9: 258 daAuts
  Temple: 1 daAuts
